 Dungeon Crawl Stone Soup version 0.27.1-33-g824d729ab1 (webtiles) character file.

Game seed: 10234553316687520527

121 pkoi the Ruffian (level 4, -3/36 HPs)
             Began as a Draconian Warper on Dec 30, 2021.
             Slain by Grinder (4 damage)
             ... while paralysed by Grinder
             ... on level 3 of the Dungeon.
             The game lasted 00:04:03 (2829 turns).

pkoi the Ruffian (Draconian Warper)                 Turns: 2829, Time: 00:04:04

Health: -3/36      AC:  7    Str: 14    XL:     4   Next: 76%
Magic:  7/7        EV:  2    Int: 14    God:
Gold:   162        SH:  0    Dex: 10    Spells: 2/7 levels left

rFire    . . .     SeeInvis .     - Unarmed
rCold    . . .     Faith    .   (no shield)
rNeg     . . .     Spirit   .   (armour unavailable)
rPois    .         Reflect  .   (helmet restricted)
rElec    .         Harm     .   (no cloak)
rCorr    .         Rampage  .   q - +1 pair of gloves
Will     .....                  (no boots)
Stlth    +.........             (no amulet)
HPRegen  0.12/turn              l - +4 ring of evasion
MPRegen  0.10/turn              (no ring)

@: paralysed, mighty, very slightly contaminated, invisible
A: AC +5, unfitting armour, cold-blooded
a: no special abilities


You were on level 3 of the Dungeon.
You visited 1 branch of the dungeon, and saw 4 of its levels.

You collected 162 gold pieces.

Inventory:

Hand Weapons
 f - a +0 dagger
 g - a +1 whip
 j - a +0 dagger
Missiles
 b - 5 boomerangs of dispersal (quivered)
Armour
 q - a +1 pair of gloves (worn)
Jewellery
 l - a +4 ring of evasion (left hand)
 m - a ring of willpower
Scrolls
 a - a scroll of blinking
 e - a scroll of fear {unknown}
Potions
 i - a potion of resistance
 o - a potion of lignification {unknown}


   Skills:
 - Level 2.1 Fighting
 - Level 0.8 Throwing
 - Level 2.1 Dodging
 + Level 4.7 Unarmed Combat
 - Level 2.0 Spellcasting
 + Level 3.4 Translocations


You had 2 spell levels left.
You knew the following spells:

 Your Spells              Type           Power      Damage    Failure   Level
a - Blink                 Tloc           N/A        N/A       9%          2
b - Gell's Gravitas       Tloc           5%         N/A       17%         3

Your spell library contained the following spells:

 Spells                   Type           Power      Damage    Failure   Level
 Lesser Beckoning         Tloc           5%         N/A       17%         3
 Teleport Other           Tloc           11%        N/A       17%         3
 Manifold Assault         Tloc           11%        N/A       85%         5


Dungeon Overview and Level Annotations

Branches:
Dungeon (4/15)
 Temple: D:4-7

Altars:

Annotations:
D:3 Grinder, Sigmund
D:4 Dowan, Duvessa, Eustachio


Innate Abilities, Weirdness & Mutations

Your plain brown scales are hard. (AC +5)
You cannot fit into any form of body armour.
You are cold-blooded and may be slowed by cold attacks.


Message History

* * * LOW HITPOINT WARNING * * *
You writhe in agony.
* * * LOW HITPOINT WARNING * * *
You hit Grinder.
Grinder is lightly wounded.
Grinder hits you.
* * * LOW HITPOINT WARNING * * *
You closely miss Grinder.
Grinder is lightly wounded.
It was a potion of heal wounds.
You feel much better. Grinder gestures at you.
You suddenly lose the ability to move!
Grinder gestures at you. You resist with significant effort.
Grinder hits you but does no damage. Grinder gestures at you.
You resist with significant effort. Grinder hits you.
You writhe in agony.
You can move again.
It was a potion of might.
You feel very mighty all of a sudden. Grinder hits you.
You writhe in agony.
You punch Grinder!
Grinder is moderately wounded.
Grinder hits you.
* * * LOW HITPOINT WARNING * * *
You writhe in agony.
* * * LOW HITPOINT WARNING * * *
You closely miss Grinder.
Grinder is moderately wounded.
Grinder blinks!
Grinder gestures at you.
You suddenly lose the ability to move!
Grinder gestures at you. Pain shoots through your body!
* * * LOW HITPOINT WARNING * * *
Grinder hits you.
* * * LOW HITPOINT WARNING * * *
You writhe in agony.
You die...

#.#..............# ..#
#.#.##########.# #..#.
#.# # #.#.#
#.########.#####.#
..5# #......>...<....#
..#
###.#####............#
.. ..# #.##.#......##
.##.# #.##...####.+
...# ##.##@.## # ..#
##...#5.# .#
####.......# .#
.............## .#
....##........# .# #..
##...#.#....# .# ##
##.##[####.# .# ####)#
# .###########
#>####..#


You could see Grinder.

Vanquished Creatures
  An iguana (D:3)
  3 adders
  A worm (D:2)
  3 dart slugs (D:1)
  5 orcs (D:3)
  5 ball pythons
  4 bats (D:1)
  5 endoplasms
  2 giant cockroaches
  3 goblins
  7 hobgoblins
  A frilled lizard (D:1)
  8 kobolds
  5 rats
53 creatures vanquished.

Notes
Turn   | Place    | Note
-------+----------+-------------------------------------------
     0 | D:1      | pkoi the Draconian Warper began the quest for the Orb.
     0 | D:1      | Reached XP level 1. HP: 17/17 MP: 3/3
   444 | D:1      | Reached XP level 2. HP: 24/24 MP: 5/5
   519 | D:1      | Reached skill level 3 in Unarmed Combat
   773 | D:1      | Learned a level 2 spell: Blink
  1004 | D:1      | Found a faded altar of an unknown god.
  1275 | D:1      | Reached XP level 3. HP: 28/29 MP: 6/6
  1279 | D:1      | Learned a level 3 spell: Gell's Gravitas
  1644 | D:2      | Reached skill level 4 in Unarmed Combat
  2016 | D:3      | Noticed Sigmund
  2051 | D:3      | Reached XP level 4. HP: 34/36 MP: 7/7
  2071 | D:3      | Noticed Grinder
  2647 | D:3      | Paralysed by Grinder for 2 turns
  2780 | D:4      | Noticed Eustachio
  2804 | D:4      | Noticed Duvessa
  2804 | D:4      | Noticed Dowan
  2817 | D:3      | Paralysed by Grinder for 5 turns
  2825 | D:3      | Paralysed by Grinder for 6 turns
  2829 | D:3      | HP: 1/36 [Grinder (5)]
  2829 | D:3      | Slain by Grinder

Illustrated notes

Levels and vault maps discovered:
D:1:      psy_arrival_heroes, layout_loops_ring,
          dreamdust_ecumenical_altar_hidden_monk_grotto, minmay_tall_x
D:2:      layout_basic, hangedman_decor_riveting, minmay_misc_feat_encased,
          minmay_misc_feat_tower
D:3:      layout_loops_ring, minmay_joined_circles, uniq_crazy_yiuf_cottage,
          uniq_grinder, uniq_sigmund
D:4:      layout_cave_pools, fedhas_altar_fruit_tree, amcnicky_altar_gilded,
          gammafunk_temple_overflow_elements, nicolae_take_the_stairs,
          uniq_pikel, uniq_eustachio, uniq_duvessa

Skill      XL: |  1  2  3 |
---------------+----------+-----
Unarmed Combat | 3 4 |  4.7
Fighting       | |  2.1
Throwing       | |  0.8
Dodging        | |  2.1
Spellcasting   | |  2.0
Translocations | |  3.4

Action                   |  1- 3 |  4- 6 || total
-------------------------+-------+-------++-------
Melee: Unarmed           |   148 |    50 ||   198
       Tailslap          |     7 |     5 ||    12
       Punch             |     1 |     1 ||     2
  Use: Potion            |       |     4 ||     4
       Scroll            |       |     3 ||     3
 Stab: Sleeping          |     2 |       ||     2
Armor: Skin              |    38 |     3 ||    41
Dodge: Dodged            |    95 |    30 ||   125
